 Dungeon Crawl Stone Soup version 0.30-a0-777-ga9a30cbeda (webtiles) character file.

Game seed: 14821056280087344769

45 Ghostmaker01 the Grave Robber (level 3, -2/24 HPs)
             Began as a Vampire Necromancer on Feb 13, 2023.
             Succumbed to an adder's poison
             ... on level 3 of the Dungeon.
             The game lasted 00:06:28 (1783 turns).

Ghostmaker01 the Grave Robber (Vampire Necromancer) Turns: 1783, Time: 00:06:29

Health: -2/24      AC:  3    Str:  9    XL:     3   Next: 42%
Magic:  6/7        EV: 12    Int: 17    God:
Gold:   78         SH:  0    Dex: 14    Spells: 6/7 levels left

rFire   . . .      SeeInvis +    g - +0 dagger
rCold   . . .      Faith    .    (no shield)
rNeg    . . .      Spirit   .    h - +0 leather armour
rPois   .          Reflect  .    (no helmet)
rElec   .          Harm     .    (no cloak)
rCorr   .          Rampage  .    (no gloves)
Will    .....                    (no boots)
Stlth   ++                       (no amulet)
HPRegen 0.44/turn                (no ring)
MPRegen 0.10/turn                (no ring)

@: lethally poisoned (-2 -> -10), healing quickly
A: alive, fangs 3, see invisible, vampiric 2
a: Exsanguinate


You were on level 3 of the Dungeon.
You visited 1 branch of the dungeon, and saw 3 of its levels.

You collected 78 gold pieces.

Inventory:

Hand Weapons
 g - a +0 dagger (weapon)
Armour
 a - a +0 robe
 h - a +0 leather armour (worn)
Jewellery
 l - a ring of protection from fire
Scrolls
 c - 3 scrolls of magic mapping {unknown}
 i - a scroll of identify {unknown}
 j - 2 scrolls of enchant weapon {unknown}
 k - 3 scrolls of teleportation {unknown}
Potions
 b - a potion of magic
 d - a potion of lignification {unknown}
 e - a potion of attraction {unknown}
 f - a potion of curing {unknown}
 m - a potion of resistance {unknown}


   Skills:
 + Level 0.1 Short Blades
 + Level 0.1 Armour
 + Level 2.4 Dodging
 + Level 3.3 Stealth
 + Level 2.7 Spellcasting
 + Level 5.0 Necromancy


You had 6 spell levels left.
You knew the following spells:

 Your Spells              Type           Power      Damage    Failure   Level
a - Necrotise             Necr           76%        1d7       3%          1

Your spell library contained the following spells:

 Spells                   Type           Power      Damage    Failure   Level
 Vampiric Draining        Necr           19%        2d7       10%         3
 Animate Dead             Necr           19%        N/A       32%         4
 Inner Flame              Hex/Fire       2%         N/A       58%         3
 Agony                    Necr           19%        N/A       65%         5
 Flame Wave               Conj/Fire      2%         2d4       94%         4
 Sticky Flame             Conj/Fire      2%         2d3       94%         4


Dungeon Overview and Level Annotations

Branches:
Dungeon (3/15)

Altars:


Innate Abilities, Weirdness & Mutations

Your natural rate of healing is accelerated.
You have razor-sharp teeth.
You have supernaturally acute eyesight. (SInv)
You are afflicted with vampirism and can become a bat while bloodless.


Message History

The adder attacks as you move away! The adder barely misses you.
You feel sick.
You are no longer poisoned.
The adder bites you.
The endoplasm quivers.
The adder bites you but does no damage.
The giant cockroach bites you but does no damage.
Unknown command.
The adder bites you. x2
You are poisoned.
The adder poisons you!
You hit the endoplasm. You bite the endoplasm.
You kill the endoplasm!
You feel sick.
The adder hisses angrily.
The adder bites you but does no damage. The giant cockroach barely misses you.
You hit the giant cockroach.
The giant cockroach is heavily wounded.
You feel sick. The adder bites you.
You are more poisoned.
The adder poisons you! The adder bites you.
You are more poisoned.
The adder poisons you! The giant cockroach misses you. The adder misses you.
You hit the giant cockroach but do no damage.
Your bite misses the giant cockroach.
The giant cockroach is heavily wounded.
* * * LOW HITPOINT WARNING * * *
You feel very sick. The adder closely misses you.
The giant cockroach bites you.
* * * LOW HITPOINT WARNING * * *
The adder bites you but does no damage. The adder closely misses you.
You closely miss the adder.
* * * LOW HITPOINT WARNING * * *
You feel very sick. The giant cockroach closely misses you.
The adder barely misses you. x2
The giant cockroach barely misses you.
Unknown command.
Unknown command.
You hit the giant cockroach but do no damage.
The giant cockroach is moderately wounded.
You die...

#.## #..# #..#
#..# ######..# #
........#####...
##.........>..#
.......B@S....#
##.####S#####.#
#B####.......#
#......#####.#
#.##...#####.#
#.#^<.....#
#.#.#####...
#.#.# #.#.#


You could see 2 adders and a giant cockroach.

Vanquished Creatures
  An adder (D:1)
  2 dart slugs
  A ball python (D:2)
  3 bats (D:2)
  8 endoplasms
  3 giant cockroaches
  3 goblins
  A hobgoblin (D:1)
  2 kobolds
  3 frilled lizards (D:2)
  A rat (D:1)
28 creatures vanquished.

Notes
Turn   | Place    | Note
-------+----------+-------------------------------------------
     0 | D:1      | Ghostmaker01 the Vampire Necromancer began the quest for
                  | the Orb.
     0 | D:1      | Reached XP level 1. HP: 13/13 MP: 3/3
   213 | D:1      | Reached XP level 2. HP: 19/19 MP: 1/5
  1149 | D:2      | Gained mutation: You are afflicted with vampirism and can
                  | become a bat while bloodless. [Vampire growth]
  1149 | D:2      | Reached XP level 3. HP: 24/24 MP: 0/6
  1715 | D:2      | Reached skill level 5 in Necromancy
  1782 | D:3      | HP: 1/24 [poisoned by an adder]
  1783 | D:3      | Succumbed to an adder's poison

Illustrated notes

Levels and vault maps discovered:
D:1:      dpeg_arrival_arbitrary_b, layout_basic
D:2:      layout_rooms, reono_crystal_passage, minmay_misc_feat_pillars
D:3:      layout_loops_ring, dreamdust_divine_triumvirate,
          nemelex_xobeh_ov_fountains_minmay, kennysheep_another_room,
          grunt_decor_fettered, hex_tiny, uniq_terence, uniq_grinder,
          uniq_robin, uniq_sigmund

Skill      XL: |  1  2  3 |
---------------+----------+-----
Necromancy     | 5 |  5.0
Short Blades   | |  0.1
Armour         | |  0.1
Dodging        | |  2.4
Stealth        | |  3.3
Spellcasting   | |  2.7

Action                     || total
---------------------------++-------
  Melee: Unarmed           ||     2
         Dagger            ||    17
         Bite              ||     2
         Punch             ||     1
   Cast: Necrotise         ||    56
 Armour: Robe              ||     1
         Leather armour    ||    12
  Dodge: Dodged            ||    26

Table legend: (Time is in decaauts)
 A = Elapsed time spent in this place.
 B = Non-inter-level travel time spent in this place.
 C = Inter-level travel time spent in this place.
 D = Time resting spent in this place.
 E = Time spent auto-exploring this place.
 F = Levels seen in this place.
 G = Mean time per level.
                   A        B        C        D        E       F      G
               +--------+--------+--------+--------+--------+-----+--------+
         Total |   1783 |   1723 |     60 |     29 |   1331 |   3 |  594.3 |
       Dungeon |   1783 |   1723 |     60 |     29 |   1331 |   3 |  594.3 |
               +--------+--------+--------+--------+--------+-----+--------+

Top non-repeatable levels by time:
     D:1: 1125 daAuts
     D:2: 637 daAuts
     D:3: 20 daAuts
